 Dungeon Crawl Stone Soup version 0.28-a0-1406-ga8dd43b1d0 (webtiles) character file.

Game seed: 616101526070346597

242 Grim the Cudgeller (level 5, -6/43 (45) HPs)
             Began as a Minotaur Fighter on Jan 6, 2022.
             Mangled by Crazy Yiuf (7 damage)
             ... on level 3 of the Dungeon.
             The game lasted 00:03:31 (3364 turns).

Grim the Cudgeller (Minotaur Fighter)               Turns: 3364, Time: 00:03:32

HP:   -6/43 (45)    AC:  6    Str: 21    XL:     5   Next: 82%
MP:   4/4           EV:  9    Int:  7    God:
Gold: 199           SH:  4    Dex:  9    Spells: 4/4 levels left

rFire   . . .      SeeInvis .   a - +0 flail
rCold   . . .      Faith    .   c - +0 buckler
rNeg    . . .      Spirit   .   b - +0 scale mail
rPois   .          Reflect  .   (helmet restricted)
rElec   .          Harm     .   (no cloak)
rCorr   .          Rampage  .   (no gloves)
Will    .....                   (no boots)
Stlth   ..........              (no amulet)
HPRegen 0.14/turn               (no ring)
MPRegen 0.09/turn               (no ring)

@: lethally poisoned (-6 -> -15), lightly drained
A: horns 2, retaliatory headbutt
a: no special abilities


You were on level 3 of the Dungeon.
You visited 1 branch of the dungeon, and saw 3 of its levels.

You collected 199 gold pieces.

Inventory:

Hand Weapons
 a - a +0 flail (weapon)
Armour
 b - a +0 scale mail (worn)
 c - a +0 buckler (worn)
Scrolls
 e - a scroll of noise {unknown}
 f - 2 scrolls of magic mapping
 h - 3 scrolls of blinking {unknown}
 j - a scroll of enchant armour {unknown}
 l - a scroll of enchant weapon {unknown}
 o - a scroll of identify {unknown}
 q - a scroll of teleportation {unknown}
Potions
 d - a potion of might
 g - 4 potions of magic {unknown}
 i - a potion of degeneration {unknown}
 k - a potion of mutation {unknown}
 m - a potion of attraction {unknown}
 n - 4 potions of curing {unknown}
 p - a potion of lignification {unknown}
 r - a potion of haste {unknown}


   Skills:
 - Level 3.6 Fighting
 + Level 7.5 Maces & Flails
 - Level 3.6 Armour
 - Level 3.6 Shields


You had 4 spell levels left.
You didn't know any spells.
Your spell library was empty.

Dungeon Overview and Level Annotations

Branches:
Dungeon (3/15)

Altars:
Elyvilon

Shops:
D:2 [

Annotations:
D:3 Crazy Yiuf


Innate Abilities, Weirdness & Mutations

You have a pair of horns on your head.
You reflexively headbutt those who attack you in melee.


Message History

There's nothing to close nearby.
As you open the door, it creaks loudly!
You barely miss Crazy Yiuf. You block Crazy Yiuf's attack.
Crazy Yiuf hits you with a +2 quarterstaff of chaos.
Crazy Yiuf freezes you.
You hit Crazy Yiuf. You headbutt Crazy Yiuf.
Crazy Yiuf is lightly wounded.
Crazy Yiuf cries, "Candle mobile eyeball!"
Crazy Yiuf hits you with a +2 quarterstaff of chaos!
* * * LOW HITPOINT WARNING * * *
You feel drained.
* * * LOW HITPOINT WARNING * * *
You barely miss Crazy Yiuf. Your headbutt misses Crazy Yiuf.
Crazy Yiuf is lightly wounded.
You block Crazy Yiuf's attack.
You hit Crazy Yiuf but do no damage.
Crazy Yiuf is lightly wounded.
Crazy Yiuf closely misses you.
You barely miss Crazy Yiuf. Your headbutt misses Crazy Yiuf.
Crazy Yiuf is lightly wounded.
Crazy Yiuf barely misses you.
Unknown command.
You hit Crazy Yiuf.
Crazy Yiuf is lightly wounded.
Crazy Yiuf hits you with a +2 quarterstaff of chaos!
* * * LOW HITPOINT WARNING * * *
Crazy Yiuf freezes you.
* * * LOW HITPOINT WARNING * * *
You completely miss Crazy Yiuf.
Crazy Yiuf is lightly wounded.
Crazy Yiuf hits you with a +2 quarterstaff of chaos!
* * * LOW HITPOINT WARNING * * *
You are lethally poisoned!
You hit Crazy Yiuf.
Crazy Yiuf is moderately wounded.
* * * LOW HITPOINT WARNING * * *
You feel very sick.
Crazy Yiuf cries, "Tosser!"
Crazy Yiuf hits you with a +2 quarterstaff of chaos!
You die...

....#
#.....)###.####
#...# ....#
####.######
####.# #<..#
....# #....#
#.## #....
#.#.# #....#
#####
#..#####...#
....# #....#
#)..#
##..........
#.### #....#
#...#
#...........
#.# #....# ...
##..........
#.## #....# #g#
##.#####...#
...## #....#
#@## #..# #....
.#..# ######
##.# #### #.>..
...<# #.##
#>... ###.#
##.# #.... #.#
##.## ####.
#.########
##.P.#
##########.
#.#......#
#PP.P#
##.......##.
#...#.####
##..##
#......#.###
###...# #....#
#..###.#.#


You could see Crazy Yiuf.

Vanquished Creatures
  A hound (D:2)
  Jessica (D:3)
  Natasha (thrice) (D:3)
  3 adders
  3 worms
  3 dart slugs
  8 bats
  5 endoplasms
  2 giant cockroaches (D:3)
  7 goblins
  8 hobgoblins
  11 quokkas
  10 ball pythons
  2 frilled lizards
  4 kobolds
71 creatures vanquished.

Vanquished Creatures (others)
  2 plants (D:2)
2 creatures vanquished.

Grand Total: 73 creatures vanquished

Notes
Turn   | Place    | Note
-------+----------+-------------------------------------------
     0 | D:1      | Grim the Minotaur Fighter began the quest for the Orb.
     0 | D:1      | Reached XP level 1. HP: 19/19 MP: 0/0
    52 | D:1      | Reached skill level 3 in Maces & Flails
    79 | D:1      | Reached XP level 2. HP: 23/26 MP: 1/1
   407 | D:1      | Reached skill level 4 in Maces & Flails
   799 | D:1      | Reached XP level 3. HP: 31/31 MP: 2/2
   895 | D:2      | Found Azoshryos's Armour Shop.
  1180 | D:2      | Reached skill level 5 in Maces & Flails
  1180 | D:2      | Reached XP level 4. HP: 39/39 MP: 3/3
  2102 | D:3      | Noticed Jessica
  2113 | D:3      | Killed Jessica
  2114 | D:3      | Reached skill level 6 in Maces & Flails
  2411 | D:3      | Reached XP level 5. HP: 45/45 MP: 4/4
  2429 | D:3      | Found a faded altar of an unknown god.
  2624 | D:3      | Noticed Natasha
  2634 | D:3      | Killed Natasha
  2836 | D:3      | Reached skill level 7 in Maces & Flails
  2884 | D:3      | Found a white marble altar of Elyvilon.
  2941 | D:3      | Found a runed translucent door.
  2942 | D:3      | Noticed Crazy Yiuf
  3099 | D:3      | Noticed Natasha
  3106 | D:3      | Killed Natasha
  3138 | D:3      | Noticed Natasha
  3144 | D:3      | Killed Natasha
  3364 | D:3      | HP: 1/43 [poisoned by Crazy Yiuf]
  3364 | D:3      | Mangled by Crazy Yiuf

Illustrated notes

Levels and vault maps discovered:
D:1:      heliophobic_arrival_ceremonial_halls, layout_loops_ring, st_stairs_9
D:2:      layout_basic, serial_shops, shop, nrook_loot_triangle,
          serial_bayou_pond_b
D:3:      layout_loops_cross, amcnicky_altar_gilded,
          shapermc_ecumenical_altar_starsandcircs, uniq_crazy_yiuf_cottage,
          uniq_jessica, uniq_natasha

Skill      XL: |  1  2  3  4  5 |
---------------+----------------+-----
Maces & Flails | 3 4 5 6 7 |  7.5
Fighting       | |  3.6
Armour         | |  3.6
Shields        | |  3.6

Action                   |  1- 3 |  4- 6 || total
-------------------------+-------+-------++-------
Melee: Flail             |    76 |   115 ||   191
       Headbutt          |     4 |    16 ||    20
  Use: Scroll            |       |     1 ||     1
Armor: Scale mail        |    32 |    43 ||    75
Dodge: Dodged            |    34 |    53 ||    87
Block: Buckler           |    18 |    17 ||    35

Table legend: (Time is in decaauts)
 A = Elapsed time spent in this place.
 B = Non-inter-level travel time spent in this place.
 C = Inter-level travel time spent in this place.
 D = Time resting spent in this place.
 E = Time spent auto-exploring this place.
 F = Levels seen in this place.
 G = Mean time per level.
                   A        B        C        D        E       F      G
               +--------+--------+--------+--------+--------+-----+--------+
         Total |   3400 |   3369 |     31 |    532 |   2372 |   3 | 1133.3 |
       Dungeon |   3400 |   3369 |     31 |    532 |   2372 |   3 | 1133.3 |
               +--------+--------+--------+--------+--------+-----+--------+

Top non-repeatable levels by time:
     D:2: 1293 daAuts
     D:3: 1283 daAuts
     D:1: 824 daAuts
